 Dungeon Crawl Stone Soup version 0.29-a0-664-gff9cad4a3d (webtiles) character file.

Game seed: 5264704786603820864

311 testman the Gusty (level 6, -17/32 HPs)
             Began as a Tengu Air Elementalist on June 22, 2022.
             Demolished by an ogre
             ... wielding a +0 giant club
              (30 damage)
             ... on level 4 of the Dungeon.
             The game lasted 00:11:52 (3421 turns).

testman the Gusty (Tengu Air Elementalist)          Turns: 3421, Time: 00:11:52

Health: -17/32     AC:  6    Str:  9    XL:     6   Next: 42%
Magic:  6/12       EV: 14    Int: 17    God:
Gold:   239        SH:  0    Dex: 14    Spells: 9/12 levels left

rFire   . . .      SeeInvis +   e - +2 dagger (venom)
rCold   . . .      Faith    .   (no shield)
rNeg    . . .      Spirit   .   p - +2 robe {Will+}
rPois   .          Reflect  .   (helmet restricted)
rElec   .          Harm     .   n - +0 cloak
rCorr   .          Rampage  .   g - +0 pair of gloves
Will    +....                   (boots unavailable)
Stlth   ++........              (no amulet)
HPRegen 0.10/turn               a - ring of see invisible
MPRegen 0.13/turn               (no ring)

@: flying quickly and evasively, quick
A: beak, talons 3, nimble flight
a: no special abilities


You were on level 4 of the Dungeon.
You visited 1 branch of the dungeon, and saw 4 of its levels.

You collected 239 gold pieces.

Inventory:

Hand Weapons
 e - a +2 dagger of venom (weapon)
Armour
 g - a +0 pair of gloves (worn)
 n - a +0 cloak (worn)
 p - a +2 robe of willpower (worn)
Jewellery
 a - a ring of see invisible (left hand)
Wands
 j - a wand of iceblast (16)
Scrolls
 d - 2 scrolls of immolation {unknown}
 f - 2 scrolls of enchant weapon {unknown}
 h - 4 scrolls of identify {unknown}
 i - a scroll of fog {unknown}
 m - 2 scrolls of noise {unknown}
 q - a scroll of teleportation {unknown}
Potions
 b - a potion of magic
 c - 3 potions of haste {unknown}
 k - a potion of cancellation {unknown}
 l - a potion of resistance {unknown}
 o - a potion of heal wounds {unknown}


   Skills:
 - Level 2.1 Dodging
 - Level 2.0 Stealth
 + Level 3.7 Spellcasting
 + Level 4.8 Conjurations
 + Level 6.2 Air Magic


You had 9 spell levels left.
You knew the following spells:

 Your Spells              Type           Power      Damage    Failure   Level
a - Shock                 Conj/Air       88%        1d8       1%          1
b - Static Discharge      Conj/Air       22%        N/A       2%          2

Your spell library contained the following spells:

 Spells                   Type           Power      Damage    Failure   Level
 Swiftness                Air            24%        N/A       3%          3
 Airstrike                Air            12%        N/A       12%         4
 Summon Guardian Golem    Hex/Summ       3%         N/A       43%         3
 Orb of Destruction       Conj           9%         9d6       100%        7
 Spellforged Servitor     Conj/Summ      5%         N/A       100%        7


Dungeon Overview and Level Annotations

Branches:
Dungeon (4/15)
 Temple: D:4-7

Altars:


Innate Abilities, Weirdness & Mutations

You have a beak for a mouth.
You have claws for feet.
Your magical nature lets you fly swiftly and evasively.


Message History

Aiming: Shock (safe; 1% risk of failure)
Press: ? - help, Q - select action, (/) - cycle Shift-Dir - straight line, f - orc
Aim: an orc, wielding a +0 club (wandering, hasn't noticed you, 74% to hit)
The zap hits the ogre.
The ogre is severely wounded.
The zap hits the orc.
The orc is moderately wounded.
The zap misses the orc.
The orc shouts!
An orc comes into view. It is wielding a +0 short sword.
Aiming: Shock (safe; 1% risk of failure)
Press: ? - help, Q - select action, (/) - cycle Shift-Dir - straight line, f - orc, p - orc
Aim: an orc, wielding a +0 short sword (wandering, hasn't noticed you, 74% to hit)
The zap hits the ogre!
The ogre is almost dead.
The zap hits the orc.
You kill the orc!
The zap hits the orc.
The orc is lightly wounded.
The zap hits the orc.
The orc is heavily wounded.
The orc shouts!
The ogre hits you with a +0 giant club!!
Ouch! That really hurt!
An orc comes into view. It is wielding a +0 club.
An orc wizard comes into view. It is wielding a +0 dagger.
Aiming: Shock (safe; 1% risk of failure)
Press: ? - help, Q - select action, (/) - cycle Shift-Dir - straight line, f - orc
Aim: an orc, wielding a +0 club (wandering, hasn't noticed you, 74% to hit)
The zap hits the ogre.
The ogre is almost dead.
The zap hits the orc wizard!
The orc wizard is heavily wounded.
The zap hits the orc.
The orc is heavily wounded.
The orc shouts!
You hear an angry hiss.
The ogre hits you with a +0 giant club!!
Ouch! That really hurt!
You die...

#...# #.#
###...###)#####....
..'.>...)..........
###...###+#####...#
...##)........# .#
...##.........# .#
...##.........# .##
##...........####..#..#.
.+..............@g......
##............###O.#..#.
##............# .....
####...#####.# ##)..#
### #...# #...# .o.# ..#
#...# #.### .o# #.#
#...###.# .# # #...'...#
.# #...#####


You could see an ogre, an orc wizard, an orc and a hobgoblin.

Vanquished Creatures
  Sigmund (D:2)
  2 orc wizards (D:4)
  3 adders
  4 worms
  4 dart slugs
  10 orcs
  4 ball pythons
  4 endoplasms
  4 giant cockroaches
  6 goblins
  5 hobgoblins
  2 quokkas
  2 bats
  4 kobolds
  3 rats (D:2)
58 creatures vanquished.

Notes
Turn   | Place    | Note
-------+----------+-------------------------------------------
     0 | D:1      | testman the Tengu Air Elementalist began the quest for the
                  | Orb.
     0 | D:1      | Reached XP level 1. HP: 10/10 MP: 4/4
   330 | D:1      | Reached XP level 2. HP: 15/15 MP: 3/6
   333 | D:1      | Learned a level 2 spell: Static Discharge
   692 | D:1      | Found a faded altar of an unknown god.
  1193 | D:2      | Reached XP level 3. HP: 19/19 MP: 2/7
  1300 | D:2      | Noticed Sigmund
  1310 | D:2      | Killed Sigmund
  1311 | D:2      | Reached skill level 5 in Air Magic
  1311 | D:2      | Reached XP level 4. HP: 24/24 MP: 2/9
  1311 | D:2      | Gained mutation: Your magical nature lets you fly swiftly
                  | and evasively. [Tengu growth]
  1311 | D:2      | Reached XP level 5. HP: 28/28 MP: 2/10
  1426 | D:2      | You are sucked into a shaft and drop 1 floor!
  2933 | D:3      | Reached XP level 6. HP: 32/32 MP: 12/12
  3221 | D:4      | Reached skill level 6 in Air Magic
  3421 | D:4      | Demolished by an ogre

Illustrated notes

Levels and vault maps discovered:
D:1:      onia_arrival_mini_maze_b, layout_basic, basic_ecumenical_altar
D:2:      layout_basic, uniq_sigmund
D:3:      layout_loops_cross, chequers_serial_rivers_small_3
D:4:      layout_basic

Skill      XL: |  1  2  3  4  5  6 |
---------------+-------------------+-----
Conjurations   | 2 4 |  4.8
Spellcasting   | 3 |  3.7
Air Magic      | 5 6 |  6.2
Dodging        | |  2.1
Stealth        | |  2.0

Action                   |  1- 3 |  4- 6 || total
-------------------------+-------+-------++-------
Melee: Kick              |     2 |    13 ||    15
       Unarmed           |     1 |       ||     1
       Dagger            |     8 |    54 ||    62
       Peck              |       |     5 ||     5
       Punch             |       |     1 ||     1
 Cast: Shock             |    28 |    29 ||    57
       Static Discharge  |       |     3 ||     3
 Stab: Sleeping          |     3 |     6 ||     9
Armor: Robe              |       |    10 ||    10
Dodge: Dodged            |     7 |    33 ||    40

Table legend: (Time is in decaauts)
 A = Elapsed time spent in this place.
 B = Non-inter-level travel time spent in this place.
 C = Inter-level travel time spent in this place.
 D = Time resting spent in this place.
 E = Time spent auto-exploring this place.
 F = Levels seen in this place.
 G = Mean time per level.
                   A        B        C        D        E       F      G
               +--------+--------+--------+--------+--------+-----+--------+
         Total |   3270 |   3081 |    189 |    160 |   2461 |   4 |  817.5 |
       Dungeon |   3270 |   3081 |    189 |    160 |   2461 |   4 |  817.5 |
               +--------+--------+--------+--------+--------+-----+--------+

Top non-repeatable levels by time:
     D:2: 1188 daAuts
     D:1: 1147 daAuts
     D:3: 687 daAuts
     D:4: 246 daAuts
